 Dungeon Crawl Stone Soup version 0.28.0-53-g5a82cb258f (webtiles) character file.

Game seed: 15433761949216404345

158 clackabat the Cudgeller (level 5, -1/32 HPs)
             Began as a Gargoyle Fighter on July 14, 2022.
             Slain by Sigmund
             ... wielding a +2 scythe of freezing
              (5 damage)
             ... on level 3 of the Dungeon.
             The game lasted 00:05:11 (3174 turns).

clackabat the Cudgeller (Gargoyle Fighter)          Turns: 3174, Time: 00:05:12

Health: -1/32      AC: 12    Str: 19    XL:     5   Next: 39%
Magic:  5/5        EV:  9    Int: 11    God:
Gold:   157        SH:  4    Dex:  9    Spells: 4/4 levels left

rFire   . . .      SeeInvis .   a - +0 flail
rCold   . . .      Faith    .   c - +0 buckler
rNeg    + . .      Spirit   .   b - +0 scale mail
rPois   ∞          Reflect  .   (no helmet)
rElec   +          Harm     .   (no cloak)
rCorr   .          Rampage  .   m - +0 pair of gloves
Will    .....                   (no boots)
Stlth   ..........              (no amulet)
HPRegen 0.10/turn               (no ring)
MPRegen 0.09/turn               (no ring)

@: mighty, invisible
A: sickness immunity, AC +4, negative energy resistance 1, electricity
resistance, torment resistance 1, petrification resistance
a: no special abilities


You were on level 3 of the Dungeon.
You visited 1 branch of the dungeon, and saw 3 of its levels.

You collected 157 gold pieces.

Inventory:

Hand Weapons
 a - a +0 flail (weapon)
Armour
 b - a +0 scale mail (worn)
 c - a +0 buckler (worn)
 m - a +0 pair of gloves (worn)
Jewellery
 o - an amulet of the acrobat
Scrolls
 e - a scroll of fog {unknown}
 f - 3 scrolls of teleportation {unknown}
 g - a scroll of summoning {unknown}
 i - a scroll of amnesia {unknown}
 k - 3 scrolls of torment {unknown}
 l - a scroll of noise {unknown}
Potions
 j - a potion of magic
 n - a potion of flight {unknown}


   Skills:
 - Level 3.2 Fighting
 * Level 5.4 Maces & Flails
 - Level 3.2 Armour
 - Level 3.2 Shields


You had 4 spell levels left.
You didn't know any spells.
Your spell library contained the following spells:

 Spells                   Type           Power      Damage    Failure   Level
 Corpse Rot               Necr/Air       0%         N/A       91%         2
 Poisonous Vapours        Pois/Air       0%         N/A       91%         2


Dungeon Overview and Level Annotations

Branches:
Dungeon (3/15)

Altars:

Annotations:
D:3 Sigmund


Innate Abilities, Weirdness & Mutations

You are immune to sickness and miasma.
Your stone body is resilient. (AC +4)
You are immune to poison.
You resist negative energy. (rN+)
You are resistant to electric shocks. (rElec)
You are resistant to unholy torment.
You are immune to petrification.


Message History

Things that are here:
a +0 club; a +0 leather armour
o - an amulet of the acrobat A goblin and a worm come into view.
The goblin shouts!
You hear a shout!
A goblin comes into view. It is wielding a +0 club.
Sigmund the Dreaded comes into view.
He is wielding a +2 scythe of freezing.
The goblin moves out of view.
You feel very mighty all of a sudden.
The goblin shouts!
Sigmund's eyes start glowing with a red light.
The worm bites you. Sigmund closely misses you.
You hit the worm.
The worm is moderately wounded.
You hit the worm.
The worm is moderately wounded.
Sigmund drinks a potion.
Sigmund seems to speed up.
The worm bites you!
You sock the worm!
The worm is almost dead.
Sigmund casts a spell.
Sigmund flickers and vanishes!
Deactivating autopickup; reactivate with Ctrl-A.
Something hits you but does no damage. The worm bites you but does no damage.
You thump the worm!
You kill the worm!
Something hits you! Something freezes you.
A rat comes into view.
Found a scroll labelled QIGAFE ABUISO.
Something hits you!
* * * LOW HITPOINT WARNING * * *
Something freezes you.
* * * LOW HITPOINT WARNING * * *
The goblin hits you but does no damage.
The rat moves out of view.
You see here a worm corpse.
Unknown command.
It was a potion of magic.
Magic courses through your body. Something hits you but does no damage.
You block the goblin's attack.
It was a potion of invisibility.
You fade into invisibility!
Something hits you.
You die...

.....# ####.# #.# #.#
#.# ###.##### #.......#
##.#.###.###############
)...............@g......
##.#.#.#.########{######
##.###.#.# g..
##.....#.# .....
########.# ..?....
.........# .......
.######### .......
.........# .......
.#######.#


You could see 2 goblins.

Vanquished Creatures
  Natasha (thrice) (D:2)
  3 adders (D:2)
  3 worms
  An orc (D:3)
  6 ball pythons
  4 endoplasms
  4 giant cockroaches
  7 goblins
  2 hobgoblins
  5 jackals (D:1)
  A quokka (D:1)
  2 bats (D:1)
  A frilled lizard (D:3)
  3 kobolds (D:1)
  5 rats
50 creatures vanquished.

Notes
Turn   | Place    | Note
-------+----------+-------------------------------------------
     0 | D:1      | clackabat the Gargoyle Fighter began the quest for the Orb.
     0 | D:1      | Reached XP level 1. HP: 14/14 MP: 1/1
     2 | D:1      | Found a faded altar of an unknown god.
    71 | D:1      | Reached XP level 2. HP: 6/19 MP: 2/2
   438 | D:1      | Reached skill level 3 in Maces & Flails
   734 | D:1      | Reached XP level 3. HP: 21/23 MP: 3/3
  1670 | D:2      | Reached skill level 4 in Maces & Flails
  1755 | D:2      | Reached XP level 4. HP: 25/28 MP: 4/4
  1921 | D:2      | Noticed Natasha
  1950 | D:2      | Killed Natasha
  2398 | D:2      | Noticed Natasha
  2405 | D:2      | Killed Natasha
  2406 | D:2      | Reached skill level 5 in Maces & Flails
  2406 | D:2      | Reached XP level 5. HP: 19/32 MP: 5/5
  2550 | D:2      | Noticed Natasha
  2562 | D:2      | Killed Natasha
  3164 | D:3      | Noticed Sigmund
  3174 | D:3      | Slain by Sigmund

Illustrated notes

Levels and vault maps discovered:
D:1:      wander_arrival_peaceful_grave, layout_loops_ring,
          ebering_ecumenical_altar_mist
D:2:      layout_basic, uniq_natasha
D:3:      layout_basic, nicolae_ashenzari_skybound, uniq_sigmund, uniq_terence

Skill      XL: |  1  2  3  4 |
---------------+-------------+-----
Maces & Flails | 3 4 5 |  5.4
Fighting       | |  3.2
Armour         | |  3.2
Shields        | |  3.2

Action                   |  1- 3 |  4- 6 || total
-------------------------+-------+-------++-------
Melee: Flail             |   140 |    62 ||   202
  Use: Potion            |       |     3 ||     3
Armor: Scale mail        |    75 |    37 ||   112
Dodge: Dodged            |    67 |    17 ||    84
Block: Buckler           |    28 |    11 ||    39
